 Dungeon Crawl Stone Soup version 0.29-a0-393-g47a863cc1b (webtiles) character file.

Game seed: 17278046897241703024

178 holysushi the Cudgeller (level 5, -1/53 HPs)
             Began as a Troll Chaos Knight on May 9, 2022.
             Was a Plaything of Xom.
             Slain by a killer bee (7 damage)
             ... on level 4 of the Dungeon.
             The game lasted 00:03:34 (2745 turns).

holysushi the Cudgeller (Troll Chaos Knight)        Turns: 2745, Time: 00:03:34

Health: -1/53      AC:  6    Str: 19 (20) XL:     5   Next: 32%
Magic:  4/4        EV: 10    Int: 12 (14) God:    Xom [.....*]
Gold:   105        SH:  0    Dex: 14 (17) Spells: 4/4 levels left

rFire   . . .      SeeInvis .   o - +0 dire flail
rCold   . . .      Faith    .   (shield currently unavailable)
rNeg    . . .      Spirit   .   b - +2 robe
rPois   .          Reflect  .   (helmet restricted)
rElec   .          Harm     .   (no cloak)
rCorr   .          Rampage  .   (gloves unavailable)
Will    .....                   (boots unavailable)
Stlth   +.........              j - amulet of regeneration
HPRegen 1.77/turn               h - +6 ring of intelligence
MPRegen 0.09/turn               r - +6 ring of dexterity

@: confused, lethally poisoned (-1 -> -1), ambrosia-drunk
A: large, unfitting armour, claws 3, regeneration 1, shaggy fur 1, tough skin 1,
wild magic 1
a: Renounce Religion


You were on level 4 of the Dungeon.
You worshipped Xom.
You were Xom's teddy bear.
You visited 1 branch of the dungeon, and saw 4 of its levels.

You collected 105 gold pieces.

Inventory:

Hand Weapons
 a - a +0 mace of chaos
 l - a +0 mace of protection
 o - a +0 dire flail (weapon)
Missiles
 k - 2 throwing nets
 m - 6 large rocks
Armour
 b - a +2 robe (worn)
Jewellery
 h - a +6 ring of intelligence (left claw)
 j - an amulet of regeneration (around neck)
 r - a +6 ring of dexterity (right claw)
 u - an amulet of the acrobat
Wands
 v - a wand of polymorph (6)
 w - a wand of iceblast (5)
Scrolls
 f - a scroll of silence
 i - a scroll of enchant weapon {unknown}
 q - 2 scrolls of teleportation {unknown}
 s - 3 scrolls of identify {unknown}
Potions
 t - a potion of brilliance {unknown}
 x - a potion of resistance {unknown}
Miscellaneous
 c - a piece from Xom's chessboard (13/15) (quivered)


   Skills:
 - Level 3.0 Fighting
 * Level 4.8 Maces & Flails
 + Level 2.5 Dodging


You had 4 spell levels left.
You didn't know any spells.
Your spell library contained the following spells:

 Spells                   Type           Power      Damage    Failure   Level
 Ensorcelled Hibernation  Hex/Ice        0%         N/A       54%         2
 Passwall                 Tmut/Erth      0%         N/A       54%         2
 Swiftness                Air            0%         N/A       77%         3
 Summon Ice Beast         Ice/Summ       0%         N/A       98%         4
 Summon Mana Viper        Hex/Summ       0%         N/A       100%        5
 Monstrous Menagerie      Summ           0%         N/A       100%        7


Dungeon Overview and Level Annotations

Branches:
Dungeon (4/15)
 Temple: D:4-7

Altars:
Xom


Innate Abilities, Weirdness & Mutations

You are too large for most types of armour.
You have claws for hands.
Your natural rate of healing is unusually fast.
You are covered in fur. (AC +1)
You have tough skin. (AC +1)
Your spells are a little harder to cast, but a little more powerful.


Message History

"There, this looks better."
The killer bee stings you. The killer bee stings you!
The killer bee stings you but does no damage.
The killer bee stings you!
The killer bee attacks as you move away!
The killer bee stings you.
You are poisoned.
The killer bee poisons you!
You feel sick. The killer bee stings you.
You are more poisoned.
The killer bee poisons you!
You barely miss the killer bee.
The killer bee is severely wounded.
You feel very sick. The killer bee stings you. x2
* * * LOW HITPOINT WARNING * * *
You are more poisoned.
The killer bee poisons you! The killer bee stings you.
* * * LOW HITPOINT WARNING * * *
You make a move on Xom's chessboard...
The orc struggles to resist.
* * * LOW HITPOINT WARNING * * *
You feel very sick. The killer bee closely misses you.
The killer bee barely misses you.
You make a move on Xom's chessboard...
The killer bee seems to slow down.
* * * LOW HITPOINT WARNING * * *
You feel very sick.
An orc wizard appears from thin air!
Reactivating autopickup.
The killer bee stings you but does no damage.
Your hearing returns.
* * * LOW HITPOINT WARNING * * *
You feel very sick.
* * * LOW HITPOINT WARNING * * *
You feel very sick.
It was a potion of magic.
Magic courses through your body.
You feel sick. The killer bee barely misses you. x2
It was a potion of ambrosia.
You are confused.
You feel invigorated.
You feel sick. The killer bee stings you!
You die...
Xom chortles!

######## ###......#
.........# #########
.........###########._.....#
.........'......@yoo._.>....
.........##.########w#.....
###......##.# #.# ###
#......##.# #o# #......##.#
#.# ........##.# #w#
#..########.# .o# #.. #.#
.)# ..__


You could see a killer bee (slow), an orc wizard, a dart slug and an orc.

Vanquished Creatures
  An orc priest (D:3)
  Ijyb (D:3)
  An orc wizard (D:3)
  3 adders
  2 worms (D:2)
  A dart slug (D:1)
  7 orcs (D:3)
  2 giant cockroaches
  4 goblins
  4 hobgoblins
  4 jackals (D:2)
  7 quokkas
  5 ball pythons
  4 bats
  3 frilled lizards
  3 kobolds
  7 rats
59 creatures vanquished.

Vanquished Creatures (others)
  29 plants (D:2)
29 creatures vanquished.

Grand Total: 88 creatures vanquished

Notes
Turn   | Place    | Note
-------+----------+-------------------------------------------
     0 | D:1      | holysushi the Troll Chaos Knight began the quest for the
                  | Orb.
     0 | D:1      | Reached XP level 1. HP: 22/22 MP: 0/0
    34 | D:1      | Found a faded altar of an unknown god.
    38 | D:1      | XOM: divination: detect items
   184 | D:1      | XOM: divination: detect creatures
   220 | D:1      | Reached skill level 3 in Maces & Flails
   398 | D:1      | XOM: divination: detect items
   567 | D:1      | XOM: silly message
   622 | D:1      | Reached XP level 2. HP: 29/29 MP: 1/1
   975 | D:2      | XOM: silly message
  1111 | D:2      | Reached XP level 3. HP: 35/36 MP: 2/2
  1412 | D:2      | XOM: divination: detect creatures
  1476 | D:2      | XOM: scenery: 1 doors open
  1755 | D:3      | Reached skill level 4 in Maces & Flails
  1755 | D:3      | Reached XP level 4. HP: 45/45 MP: 3/3
  1805 | D:3      | XOM: scenery: summon butterflies
  2171 | D:3      | XOM is BORED!
  2171 | D:3      | XOM: repel stairs
  2226 | D:3      | Noticed Ijyb
  2233 | D:3      | XOM: give mutation
  2233 | D:3      | Gained mutation: Your spells are a little harder to cast,
                  | but a little more powerful. [Xom's grace]
  2243 | D:3      | Killed Ijyb
  2299 | D:3      | Reached XP level 5. HP: 40/53 MP: 4/4
  2460 | D:3      | XOM: god gift: wand of iceblast (5)
  2716 | D:4      | XOM: polymorph orc priest -> killer bee
  2735 | D:4      | XOM: scenery: create altars
  2743 | D:4      | HP: 2/53 [poisoned by a killer bee]
  2745 | D:4      | Slain by a killer bee

Illustrated notes

Levels and vault maps discovered:
D:1:      lemuel_arrival_behind_the_door_small, layout_loops_ring,
          ebering_ecumenical_altar_abandoned
D:2:      layout_basic, serial_bayou, serial_bayou_pond_b, serial_bayou_pond_c,
          serial_bayou_lagoon_b, serial_bayou_pond_a
D:3:      layout_loops_corners, uniq_ijyb
D:4:      layout_basic, minmay_temple_entry_arrows, hangedman_decor_points,
          uniq_robin

Skill      XL: |  1  2  3 |
---------------+----------+-----
Maces & Flails | 3 4 |  4.8
Fighting       | 3 |  3.0
Dodging        | 2 |  2.5

Action                   |  1- 3 |  4- 6 || total
-------------------------+-------+-------++-------
Melee: Mace              |    39 |       ||    39
       Dire flail        |    90 |    99 ||   189
Evoke: Piece from Xom's  |       |     2 ||     2
  Use: Potion            |       |     6 ||     6
       Scroll            |       |     1 ||     1
 Stab: Sleeping          |     1 |       ||     1
Armor: Robe              |    75 |    30 ||   105
       Skin              |       |    12 ||    12
Dodge: Dodged            |   102 |    45 ||   147

Table legend: (Time is in decaauts)
 A = Elapsed time spent in this place.
 B = Non-inter-level travel time spent in this place.
 C = Inter-level travel time spent in this place.
 D = Time resting spent in this place.
 E = Time spent auto-exploring this place.
 F = Levels seen in this place.
 G = Mean time per level.
                   A        B        C        D        E       F      G
               +--------+--------+--------+--------+--------+-----+--------+
         Total |   2792 |   2627 |    165 |    273 |   1714 |   4 |  698.0 |
       Dungeon |   2792 |   2627 |    165 |    273 |   1714 |   4 |  698.0 |
               +--------+--------+--------+--------+--------+-----+--------+

Top non-repeatable levels by time:
     D:2: 1084 daAuts
     D:3: 860 daAuts
     D:1: 705 daAuts
     D:4: 141 daAuts
